 Dungeon Sprint DCSS version 0.17-a0-1210-g1e4f09d (webtiles) character file.

65144 Kidiri the Imperceptible (level 13, -6/79 HPs)
             Began as a Spriggan Assassin on June 3, 2015.
             Was the Champion of Dithmenos.
             Mangled by an azure jelly (40 damage)
             ... in the Dungeon (Sprint III: "The Ten Rune Challenge").
             The game lasted 00:49:52 (5110 turns).

Kidiri the Imperceptible (Spriggan Assassin)        Turns: 5110, Time: 00:49:52

Health: -6/79      AC:  9    Str:  7    XL:     13   Next: 56%
Magic:  22/22      EV: 42    Int: 18    God:    Dithmenos [******]
Gold:   3106       SH:  0    Dex: 24    Spells: 0 memorised, 12 levels left

rFire  + . .     SeeInvis +     b - +0 blowgun
rCold  . . .     Clarity  +     A - +2 robe {rF+}
rNeg   . . .     SustAt   .     (shield restricted)
rPois  .         Gourm    .     C - +2 hat {Int+3}
rElec  .         Spirit   .     I - +1 cloak
rCorr  .         Warding  .     (gloves unavailable)
rMut   .         NoTele   +     (boots unavailable)
MR     ++...                    (no amulet)
Stlth  ++++++++++               (no ring)
                                (no ring)

@: very slightly contaminated, wreathed by umbra, very quick, very resistant to
hostile enchantments, uncannily stealthy
A: unfitting armour, antennae 1, repulsion field 1, rugged brown scales 1, see
invisible, agile 1, blink 1, clarity, clever 1, herbivore 3, speed 3, slow
metabolism 2
a: Blink, Shadow Step, Shadow Form, Renounce Religion
}: 2/10 runes: decaying, serpentine


You were in the Dungeon.
You worshipped Dithmenos.
Dithmenos was exalted by your worship.
You were not hungry.

You visited 1 branch You collected 4135 gold pieces.
You spent 1029 gold pieces at shops.

Inventory:

Hand weapons
 a - a +2 dagger
 b - a +0 blowgun (weapon)
 f - a +0 short sword
 q - a +1 dagger of venom
Missiles
 i - 4 poisoned needles (quivered)
 x - 3 needles of sleeping
 E - 5 needles of frenzy
Armour
 p - a +2 robe of positive energy
 A - a +2 robe of fire resistance (worn)
 C - a +2 hat of intelligence (worn)
 H - the +1 robe "Wireh" {rElec}
   (You bought it in a shop in the Dungeon)

   It insulates you from electricity.
 I - a +1 cloak (worn)
 J - a +0 fire dragon armour
Scrolls
 r - a scroll of immolation {unknown}
 s - 2 scrolls of enchant armour
 t - 2 scrolls of remove curse {unknown}
 w - a scroll of holy word {unknown}
 G - 2 scrolls of enchant weapon
Potions
 e - a potion of invisibility
 h - 4 potions of curing
 j - 2 potions of haste
 k - 2 potions of magic
 n - a potion of berserk rage
 o - 5 potions of might
 u - a potion of lignification
 v - 2 potions of flight
 z - 2 potions of cure mutation
 D - a potion of heal wounds
Books
 y - an Akashic Record {highlevel, unknown}

   This book is beyond your current level of understanding.

   Spells                             Type                      Level
   a - Dispersal                      Translocation                6
   b - Controlled Blink               Translocation                7
   c - Malign Gateway                 Summoning/Translocation      7
   d - Disjunction                    Translocation                8
   e - Singularity                    Translocation                9
Comestibles
 g - a bread ration
 l - 21 royal jellies
 F - 6 fruits


   Skills:
 * Level 13.6 Fighting
 * Level 16.8 Short Blades
 * Level 17.1 Throwing
 * Level 20.9 Dodging
 * Level 22.8 Stealth
 + Level 10.7 Invocations


You had 12 spell levels left.
You didn't know any spells.

Dungeon Overview and Level Annotations

Branches:
Dungeon (1/1)

Altars:
Cheibriados
Dithmenos
Elyvilon
Fedhas
Gozag
Kikubaaqudgha
Makhleb
Nemelex Xobeh
Okawaru
Qazlal
Ru
Sif Muna
Trog
Vehumet
Xom
Yredelemnul
Zin
The Shining One
Jiyva
Lugonu

Shops:
D ?}[(}?!

Annotations:
D exclusion: obsidian statue


Innate Abilities, Weirdness & Mutations

You are tiny and cannot use many weapons and most armour.
You have supernaturally acute eyesight.
You are a herbivore.
You cover ground extremely quickly.
You need consume almost no food.
You have a pair of small antennae on your head.
You are surrounded by a mild repulsion field (EV +2).
You are partially covered in rugged brown scales (AC +1, +3% HP).
You are agile. (Dex +2)
You can translocate small distances at will.
You possess an exceptional clarity of mind.
Your mind is acute. (Int +2)


Message History

Firing (i - inventory. (,) - cycle):
B - 2 curare-tipped needles (quivered)
Press: ? - help, Shift-Dir - straight line, f/p - azure jelly
Aim: an azure jelly (umbra)
You shoot a curare-tipped needle. The azure jelly quivers.
The curare-tipped needle hits the azure jelly.
The azure jelly hits you!
You emit a cloud of dark smoke.
The azure jelly freezes you!!
You emit a cloud of dark smoke.
The azure jelly completely misses you. x2
The azure jelly closely misses you.
You see here a death yak skeleton.
Firing (i - inventory. (,) - cycle):
B - a curare-tipped needle (quivered)
Press: ? - help, Shift-Dir - straight line, f/p - azure jelly
Aim: an azure jelly (black smoke, umbra)
You shoot a curare-tipped needle.
The curare-tipped needle hits the azure jelly.
The azure jelly completely misses you. The azure jelly hits you.
The azure jelly freezes you!!!
Ouch! That really hurt!
You die...

▓.P.#≈≈≈≈§≈.§≈≈'÷....#.≈♣♣♣
▓.JP#≈≈.§§≈§§≈♣♣♣♣♣♣♣#..♣♣
▓..[#≈≈§§≈§§§≈♣ ###'♣♣
▓##.####+#######♣ ♣♣♣♣.##
▓..{..J.....)÷.[♣♣ ♣...##.
▓#J#############.♣ ♣♣.##.#
▓...#(J.§§§§...J.♣ ♣..#.#
▓...'≈≈§§J########♣♣ ♣♣.##.
▓...#≈≈§§§@§§.....P♣ ♣♣.##.
▓...#≈≈§§§§§§P.....♣ ♣.....
#+#############'#### ######
**,****** #.♣♣ **,*,,,***
#♣.♣ **,,,,,,,** ♣.♣♣
###### **,,,,,,,,,** ♣♣.♣
#.≈..# *,,,,***,,,,* ♣.♣♣
#†...# *,,,**,**,,,* ♣.♣♣
#....#


You could see an azure jelly.

Vanquished Creatures
  Sigmund (D)
  Xtahua (D)
  Rupert (D)
  Gastronok (D)
  A greater naga (D)
  Maud (D)
  2 dire elephants (D)
  2 fire dragons (D)
  A naga warrior (D)
  3 hydras (D)
  3 anacondas (D)
  Erica (D)
  A centaur warrior (D)
  4 death yaks (D)
  An unseen horror (D)
  A death drake (D)
  A spriggan druid (D)
  An orc sorcerer (D)
  A lindwurm (D)
  An orc knight (D)
  4 black mambas (D)
  2 elephants (D)
  A guardian serpent (D)
  2 spiny frogs (D)
  Edmund (D)
  A komodo dragon (D)
  A fire drake (D)
  A deep elf priest (D)
  3 wandering mushrooms (D)
  A queen bee (D)
  8 blink frogs (D)
  2 redbacks (D)
  2 spriggans (D)
  A shadow (D)
  A spatial vortex (D)
  2 nagas (D)
  5 water moccasins (D)
  A swamp drake (D)
  2 orc warriors (D)
  A necrophage (D)
  2 centaurs (D)
  An earth elemental (D)
  2 brain worms (D)
  A water elemental (D)
  32 killer bees (D)
  An electric eel (D)
  5 orc priests (D)
  A jelly (D)
  Jessica (D)
  A wizard (D)
  A necromancer (D)
  A wolf (D)
  A kobold demonologist (D)
  3 humans (D)
  3 adders (D)
  10 orcs (D)
  A quokka (D)
  3 rats (D)
  A plant (D)
142 creatures vanquished.

Vanquished Creatures (others)
  2 draconian scorchers (D)
  Nessos (D)
  3 yaktaurs (D)
  2 fire drakes (D)
  10 plants (D)
18 creatures vanquished.

Grand Total: 160 creatures vanquished

Notes
Turn   | Place    | Note
--------------------------------------------------------------
     0 | D        | Kidiri the Spriggan Assassin began the quest for the Orb.
     0 | D        | Reached XP level 1. HP: 10/10 MP: 2/2
    10 | D        | Reached skill level 6 in Stealth
    43 | D        | Killed a yaktaur
    53 | D        | Noticed Jessica
    59 | D        | Killed Jessica
    59 | D        | Reached skill level 7 in Stealth
    59 | D        | Reached XP level 2. HP: 16/16 MP: 3/3
   102 | D        | Killed a fire drake
   177 | D        | Noticed a wolf
   196 | D        | Killed a wolf
   196 | D        | Reached XP level 3. HP: 15/20 MP: 4/4
   217 | D        | Reached skill level 5 in Dodging
   217 | D        | Reached skill level 8 in Stealth
   217 | D        | Reached XP level 4. HP: 12/24 MP: 5/5
   378 | D        | Killed Nessos
   416 | D        | Gained mutation: You are frail (-10% HP). [potion of mutation]
   416 | D        | Gained mutation: You are agile. (Dex +2) [potion of mutation]
   416 | D        | Gained mutation: You can translocate small distances at will. [potion of mutation]
   417 | D        | Gained mutation: You are partially covered in rugged brown scales (AC +1, +3% HP). [potion of mutation]
   417 | D        | Gained mutation: You possess an exceptional clarity of mind. [potion of mutation]
   438 | D        | Noticed a water elemental
   444 | D        | Killed a water elemental
   444 | D        | Reached skill level 5 in Throwing
   449 | D        | Killed a white draconian scorcher
   453 | D        | Killed a white draconian scorcher
   602 | D        | Noticed a jelly
   603 | D        | Noticed a shadow
   605 | D        | Killed a shadow
   605 | D        | Reached skill level 5 in Short Blades
   605 | D        | Reached skill level 10 in Stealth
   605 | D        | Reached XP level 5. HP: 25/27 MP: 6/6
   609 | D        | Killed a jelly
   609 | D        | Reached XP level 6. HP: 29/32 MP: 7/7
   639 | D        | Found a stormy altar of Qazlal.
   639 | D        | Found a sacrificial altar of Ru.
   639 | D        | Found a burning altar of Makhleb.
   639 | D        | Found a shimmering altar of Xom.
   640 | D        | Found a viscous altar of Jiyva.
   640 | D        | Found a shadowy altar of Dithmenos.
   640 | D        | Found a sparkling altar of Nemelex Xobeh.
   640 | D        | Found a corrupted altar of Lugonu.
   640 | D        | Found an opulent altar of Gozag.
   640 | D        | Noticed a spatial vortex
   644 | D        | Became a worshipper of Dithmenos the Shadowed
   673 | D        | Killed a fire drake
   686 | D        | Killed a spatial vortex
   686 | D        | Reached skill level 5 in Fighting
   686 | D        | Reached skill level 11 in Stealth
   701 | D        | Found a basalt altar of Yredelemnul.
   701 | D        | Found a snail-covered altar of Cheibriados.
   701 | D        | Found a blossoming altar of Fedhas.
   701 | D        | Noticed a necrophage
   701 | D        | Noticed a necromancer
   703 | D        | Killed a necromancer
   704 | D        | Killed a necrophage
   704 | D        | Reached skill level 1 in Invocations
   704 | D        | Reached XP level 7. HP: 34/36 MP: 8/8
   716 | D        | Found a glowing silver altar of Zin.
   716 | D        | Found a glowing golden altar of the Shining One.
   716 | D        | Found a white marble altar of Elyvilon.
   716 | D        | Noticed a deep elf priest
   719 | D        | Killed a deep elf priest
   719 | D        | Reached skill level 10 in Dodging
   719 | D        | Reached skill level 12 in Stealth
   728 | D        | Found an iron altar of Okawaru.
   728 | D        | Found a bloodstained altar of Trog.
   728 | D        | Noticed a human
   729 | D        | Noticed a human
   731 | D        | Killed a human
   732 | D        | Killed a human
   732 | D        | Acquired Dithmenos's first power
   732 | D        | Reached XP level 8. HP: 38/41 MP: 8/11
   771 | D        | Found a radiant altar of Vehumet.
   771 | D        | Found a deep blue altar of Sif Muna.
   771 | D        | Found an ancient bone altar of Kikubaaqudgha.
   771 | D        | Noticed a wizard
   773 | D        | Killed a wizard
   773 | D        | Reached skill level 13 in Stealth
   810 | D        | Noticed Erica
   813 | D        | Killed Erica
   813 | D        | Reached skill level 14 in Stealth
   832 | D        | Noticed an earth elemental
   835 | D        | Killed an earth elemental
   859 | D        | Noticed a centaur
   859 | D        | Noticed a centaur warrior
   859 | D        | Noticed a centaur
   861 | D        | Killed a centaur
   861 | D        | Reached skill level 10 in Throwing
   863 | D        | Killed a centaur warrior
   863 | D        | Reached skill level 10 in Short Blades
   863 | D        | Reached XP level 9. HP: 45/47 MP: 8/13
   864 | D        | Killed a centaur
   864 | D        | Acquired Dithmenos's second power
   864 | D        | Reached skill level 15 in Stealth
   925 | D        | Found Ilerph's Distillery.
   925 | D        | Noticed an orc sorcerer
   926 | D        | Noticed an orc priest
   926 | D        | Noticed an orc priest
   935 | D        | Noticed an orc warrior
   954 | D        | Killed an orc sorcerer
   954 | D        | Reached skill level 5 in Invocations
   997 | D        | Acquired Dithmenos's third power
  1030 | D        | Killed an orc warrior
  1039 | D        | Killed an orc priest
  1082 | D        | Noticed an orc warrior
  1107 | D        | Noticed an orc knight
  1117 | D        | Killed an orc warrior
  1117 | D        | Acquired Dithmenos's fourth power
  1146 | D        | HP: 1/48 [orc knight/great mace (20)]
  1152 | D        | Killed an orc knight
  1389 | D        | Bought a potion of mutation for 35 gold pieces
  1389 | D        | Bought a potion of heal wounds for 70 gold pieces
  1389 | D        | Bought a potion of mutation for 35 gold pieces
  1389 | D        | Bought a potion of heal wounds for 70 gold pieces
  1389 | D        | Bought a potion of curing for 42 gold pieces
  1389 | D        | Bought a potion of might for 56 gold pieces
  1389 | D        | Bought a potion of curing for 42 gold pieces
  1389 | D        | Gained mutation: You have a pair of small antennae on your head. [potion of mutation]
  1389 | D        | Gained mutation: You are surrounded by a mild repulsion field (EV +2). [potion of mutation]
  1389 | D        | Gained mutation: Your mind is acute. (Int +2) [potion of mutation]
  1390 | D        | Lost mutation: You are frail (-10% HP). [potion of mutation]
  1443 | D        | Noticed an unseen horror
  1446 | D        | Killed an unseen horror
  1446 | D        | Reached skill level 16 in Stealth
  1446 | D        | Reached XP level 10. HP: 58/58 MP: 15/15
  1459 | D        | Noticed Sigmund
  1459 | D        | Noticed Edmund
  1461 | D        | Killed Sigmund
  1461 | D        | Reached skill level 10 in Fighting
  1461 | D        | Reached skill level 15 in Dodging
  1461 | D        | Reached skill level 17 in Stealth
  1463 | D        | Killed Edmund
  1463 | D        | Reached XP level 11. HP: 61/64 MP: 11/17
  1506 | D        | Noticed an orc priest
  1506 | D        | Noticed an orc priest
  1507 | D        | Noticed an orc priest
  1507 | D        | Noticed an orc priest
  1508 | D        | Killed an orc priest
  1509 | D        | Killed an orc priest
  1511 | D        | Killed an orc priest
  1513 | D        | Killed an orc priest
  1558 | D        | Noticed an obsidian statue
  1617 | D        | Killed a yaktaur
  1668 | D        | Noticed a yaktaur
  1668 | D        | Noticed a yaktaur captain
  1679 | D        | Noticed a wandering mushroom
  1683 | D        | Noticed a wandering mushroom
  1685 | D        | Noticed a wandering mushroom
  1687 | D        | Killed a wandering mushroom
  1724 | D        | Killed a wandering mushroom
  1764 | D        | Killed a wandering mushroom
  1804 | D        | Noticed a spiny frog
  1804 | D        | Noticed a komodo dragon
  1804 | D        | Noticed a spiny frog
  1830 | D        | Killed a spiny frog
  1830 | D        | Reached skill level 18 in Stealth
  1874 | D        | Killed a spiny frog
  1894 | D        | Killed a komodo dragon
  2120 | D        | Noticed a killer bee
  2120 | D        | Noticed a killer bee
  2120 | D        | Noticed a killer bee
  2120 | D        | Noticed a killer bee
  2120 | D        | Noticed a killer bee
  2120 | D        | Noticed a killer bee
  2120 | D        | Noticed a killer bee
  2120 | D        | Noticed a killer bee
  2120 | D        | Noticed a killer bee
  2120 | D        | Noticed a killer bee
  2120 | D        | Noticed a killer bee
  2120 | D        | Noticed a killer bee
  2120 | D        | Noticed a killer bee
  2120 | D        | Noticed a killer bee
  2120 | D        | Noticed a queen bee
  2121 | D        | Noticed a killer bee
  2121 | D        | Noticed a killer bee
  2121 | D        | Noticed a killer bee
  2121 | D        | Noticed a killer bee
  2121 | D        | Noticed a killer bee
  2121 | D        | Noticed a killer bee
  2121 | D        | Noticed a killer bee
  2121 | D        | Noticed a killer bee
  2121 | D        | Noticed a killer bee
  2121 | D        | Noticed a killer bee
  2121 | D        | Noticed a killer bee
  2121 | D        | Noticed a killer bee
  2121 | D        | Noticed a killer bee
  2121 | D        | Noticed a killer bee
  2121 | D        | Noticed a killer bee
  2121 | D        | Noticed a killer bee
  2121 | D        | Noticed a killer bee
  2121 | D        | Noticed a killer bee
  2122 | D        | Killed a killer bee
  2123 | D        | Killed a killer bee
  2125 | D        | Killed a killer bee
  2126 | D        | Killed a killer bee
  2127 | D        | Killed a killer bee
  2128 | D        | Killed a killer bee
  2137 | D        | Killed a killer bee
  2143 | D        | Killed a killer bee
  2147 | D        | Killed a killer bee
  2153 | D        | Killed a killer bee
  2159 | D        | Killed a killer bee
  2163 | D        | Killed a killer bee
  2169 | D        | Killed a killer bee
  2175 | D        | Killed a killer bee
  2183 | D        | Killed a killer bee
  2189 | D        | Killed a killer bee
  2193 | D        | Killed a killer bee
  2197 | D        | Killed a killer bee
  2201 | D        | Killed a killer bee
  2205 | D        | Killed a killer bee
  2209 | D        | Killed a killer bee
  2213 | D        | Killed a killer bee
  2219 | D        | Killed a killer bee
  2239 | D        | Killed a queen bee
  2245 | D        | Killed a killer bee
  2251 | D        | Killed a killer bee
  2253 | D        | Killed a killer bee
  2259 | D        | Killed a killer bee
  2263 | D        | Killed a killer bee
  2267 | D        | Killed a killer bee
  2271 | D        | Killed a killer bee
  2281 | D        | Killed a killer bee
  2285 | D        | Killed a killer bee
  2427 | D        | Noticed a redback
  2429 | D        | Killed a redback
  2430 | D        | Noticed a brain worm
  2433 | D        | Killed a brain worm
  2435 | D        | Noticed a brain worm
  2438 | D        | Killed a brain worm
  2441 | D        | Noticed a lindwurm
  2456 | D        | Noticed a swamp drake
  2456 | D        | Noticed a fire drake
  2457 | D        | Killed a fire drake
  2459 | D        | Killed a swamp drake
  2464 | D        | Noticed a blink frog
  2464 | D        | Noticed a blink frog
  2465 | D        | Noticed a blink frog
  2465 | D        | Noticed a blink frog
  2465 | D        | Noticed a blink frog
  2469 | D        | Killed a blink frog
  2472 | D        | Killed a blink frog
  2503 | D        | Killed a blink frog
  2503 | D        | Killed a blink frog
  2619 | D        | Killed a blink frog
  2619 | D        | Reached skill level 19 in Stealth
  2630 | D        | Noticed Rupert
  2634 | D        | Killed Rupert
  2670 | D        | Noticed an elephant
  2671 | D        | Noticed an elephant
  2671 | D        | Noticed a dire elephant
  2671 | D        | Noticed a dire elephant
  2671 | D        | Noticed Gastronok
  2672 | D        | Killed an elephant
  2771 | D        | Killed an elephant
  2849 | D        | Killed a dire elephant
  2849 | D        | Reached XP level 12. HP: 44/72 MP: 19/19
  2899 | D        | Noticed an azure jelly
  2899 | D        | Noticed an azure jelly
  2899 | D        | Noticed an azure jelly
  2899 | D        | Noticed an azure jelly
  2900 | D        | Killed Gastronok
  2900 | D        | Reached skill level 20 in Stealth
  3052 | D        | Noticed a redback
  3224 | D        | Killed a dire elephant
  3224 | D        | Reached skill level 15 in Throwing
  3479 | D        | Noticed a death yak
  3480 | D        | Noticed a death yak
  3480 | D        | Noticed a blink frog
  3482 | D        | Killed a death yak
  3482 | D        | Noticed a blink frog
  3486 | D        | Noticed a death yak
  3489 | D        | Noticed a blink frog
  3494 | D        | Noticed a death yak
  3501 | D        | Killed a blink frog
  3539 | D        | Killed a death yak
  3680 | D        | Noticed a black mamba
  3683 | D        | Killed a blink frog
  3686 | D        | Killed a yaktaur
  3908 | D        | Killed a lindwurm
  3921 | D        | Noticed a redback
  3934 | D        | Killed a redback
  4055 | D        | Noticed Maud
  4057 | D        | Killed Maud
  4057 | D        | Reached skill level 15 in Short Blades
  4064 | D        | Noticed an electric eel
  4065 | D        | Noticed an eight-headed hydra
  4065 | D        | Noticed a six-headed hydra
  4066 | D        | Killed an electric eel
  4068 | D        | Killed an eight-headed hydra
  4069 | D        | Killed a six-headed hydra
  4069 | D        | Reached skill level 21 in Stealth
  4079 | D        | Noticed a death drake
  4082 | D        | Killed a death drake
  4118 | D        | Noticed a water moccasin
  4118 | D        | Noticed a water moccasin
  4118 | D        | Noticed a black mamba
  4118 | D        | Noticed an anaconda
  4120 | D        | Killed a water moccasin
  4123 | D        | Killed a black mamba
  4124 | D        | Killed a water moccasin
  4127 | D        | Killed an anaconda
  4150 | D        | Noticed a black mamba
  4150 | D        | Noticed a water moccasin
  4150 | D        | Noticed a water moccasin
  4150 | D        | Noticed an anaconda
  4152 | D        | Killed an anaconda
  4154 | D        | Killed a black mamba
  4157 | D        | Killed a water moccasin
  4158 | D        | Killed a water moccasin
  4182 | D        | Noticed a water moccasin
  4182 | D        | Noticed an anaconda
  4184 | D        | Killed a water moccasin
  4186 | D        | Killed an anaconda
  4186 | D        | Reached XP level 13. HP: 78/78 MP: 16/21
  4218 | D        | Noticed a naga
  4218 | D        | Noticed a naga
  4219 | D        | Noticed a naga warrior
  4219 | D        | Noticed a greater naga
  4219 | D        | Found Plog's Antique Weapon Shop.
  4219 | D        | Found Koiklo's Gadget Shoppe.
  4220 | D        | Killed a naga
  4220 | D        | Reached skill level 10 in Invocations
  4221 | D        | Found Ummioph's Magic Scroll Boutique.
  4222 | D        | Killed a naga warrior
  4223 | D        | Killed a greater naga
  4224 | D        | Killed a naga
  4236 | D        | Bought a scroll of magic mapping for 38 gold pieces
  4236 | D        | Bought a scroll of identify for 22 gold pieces
  4247 | D        | Noticed a guardian serpent
  4250 | D        | Killed a guardian serpent
  4253 | D        | Got a serpentine rune of Zot
  4314 | D        | Found a blossoming altar of Fedhas.
  4314 | D        | Noticed a spriggan
  4314 | D        | Noticed a spriggan druid
  4314 | D        | Noticed a spriggan
  4316 | D        | Killed a spriggan
  4317 | D        | Killed a spriggan
  4317 | D        | Reached skill level 22 in Stealth
  4318 | D        | Killed a spriggan druid
  4405 | D        | Noticed a black mamba
  4445 | D        | Killed a death yak
  4568 | D        | Killed a blink frog
  4572 | D        | Killed a black mamba
  4629 | D        | Killed a black mamba
  4657 | D        | Killed a death yak
  4708 | D        | Noticed a fire dragon
  4715 | D        | Killed a fire dragon
  4725 | D        | Found Poodwout's Magic Scroll Shoppe.
  4725 | D        | Found Huxiwuys's Gadget Boutique.
  4731 | D        | Found Gyvedaub's Antique Armour Emporium.
  4740 | D        | Bought a scroll of blinking for 75 gold pieces
  4740 | D        | Bought a scroll of enchant weapon for 75 gold pieces
  4740 | D        | Bought a scroll of enchant armour for 75 gold pieces
  4740 | D        | Bought a scroll of enchant armour for 75 gold pieces
  4740 | D        | Bought a scroll of enchant weapon for 75 gold pieces
  4742 | D        | Bought a fine robe for 136 gold pieces
  4742 | D        | Bought a glowing cloak for 108 gold pieces
  4745 | D        | Noticed a fire dragon
  4749 | D        | Killed a fire dragon
  4766 | D        | Identified the +1 robe "Wireh" {rElec} (You bought it in a shop in the Dungeon)
  4859 | D        | Noticed a four-headed hydra
  4859 | D        | Noticed Xtahua
  4861 | D        | Killed Xtahua
  4863 | D        | Killed a four-headed hydra
  4869 | D        | Got a decaying rune of Zot
  5110 | D        | Mangled by an azure jelly

Vault maps used:
D:        dungeon_sprint_mu

Action                   |  1- 3 |  4- 6 |  7- 9 | 10-12 | 13-15 || total
-------------------------+-------+-------+-------+-------+-------++-------
Melee: Dagger            |    15 |    33 |   160 |   635 |    37 ||   880
       Short sword       |       |       |     8 |       |       ||     8
 Fire: Blowgun           |    12 |       |     4 |    31 |    41 ||    88
Invok: Shadow Step       |       |       |     2 |    11 |     5 ||    18
 Abil: Blink             |       |       |       |       |     1 ||     1
  Use: Potion            |       |     4 |     3 |     4 |       ||    11
       Scroll            |       |       |       |       |     6 ||     6
 Stab: Sleeping          |     3 |     4 |    11 |    41 |    15 ||    74
       Distracted        |       |       |     2 |     2 |     4 ||     8
  Eat: Bread ration      |       |       |       |     1 |       ||     1
